General information
- name: 4v4!
- type: Custom game
- host: top[cat]13
- saver: sc2no.wc4yes
map: TheCrucible
- players: 8
- length: 40:32
- speed: Fast
- version: 1.24 W3XP
- replay type: Public
» download(222 KB)
Players
team 1 (loser)

»
top[cat]13 (
red | 56 APM | 2247 actions | 40:24)
7 Blademaster
3 Wind Walk
3 Critical Strike
1 Bladestorm
6 Shadow Hunter
3 Hex
2 Healing Wave
1 Big Bad Voodoo
» actions
| Basic commands | 34 | |
| Build / train | 55 | |
| Enter build submenu | 20 | |
| Enter hero's abilities submenu | 13 | |
| Give item / drop item | 13 | |
| Remove unit from queue | 2 | |
| Right click | 1182 | |
| Select / deselect | 809 | |
| Use ability | 119 | |
2247 total
» units
| Peon | 6 | |
| Grunt | 4 | |
| Shaman | 5 | |
| Tauren | 5 | |
20 total
» upgrades
| Melee Weapons | 2 | |
| Shaman Training | 2 | |
| Pulverize | 1 | |
| Armor | 1 | |
6 total
» buildings
| Altar of Storms | 1 | |
| Orc Burrow | 8 | |
| Barracks | 1 | |
| Voodoo Lounge | 1 | |
| Stronghold | 1 | |
| War Mill | 1 | |
| Fortress | 1 | |
| Spirit Lodge | 1 | |
| Tauren Totem | 2 | |
| Great Hall | 1 | |
18 total
» build order
00:07 Altar of Storms
00:17 Orc Burrow
00:54 Barracks
01:32 Orc Burrow
01:57 Voodoo Lounge
03:05 Stronghold
03:17 War Mill
04:32 Orc Burrow
04:41 Orc Burrow
06:22 Fortress
07:33 Spirit Lodge
09:23 Tauren Totem
09:28 Tauren Totem
09:33 Orc Burrow
09:35 Orc Burrow
14:34 Orc Burrow
14:36 Orc Burrow
18:12 Great Hall
» items
| Healing Salve | 4 | |
| Scroll of Speed | 1 | |
| Potion of Healing | 2 | |
| Staff of Teleportation | 1 | |
| Boots of Speed | 2 | |
| Orb of Lightning | 1 | |
11 total
Yuri.Lowell (
teal | 62 APM | 2526 actions | 40:31)
7 Archmage
3 Summon Water Elemental
3 Brilliance Aura
1 Mass Teleport
5 Mountain King
3 Storm Bolt
2 Bash
2 Blademaster
1 Wind Walk
1 Bladestorm
» actions
| Assign group hotkey | 79 | |
| Basic commands | 71 | |
| Build / train | 149 | |
| ESC pressed | 11 | |
| Enter build submenu | 23 | |
| Enter hero's abilities submenu | 14 | |
| Give item / drop item | 3 | |
| Remove unit from queue | 2 | |
| Right click | 1208 | |
| Select / deselect | 370 | |
| Select group hotkey | 406 | |
| Use ability | 190 | |
2526 total
» units
| Peasant | 65 | |
| Footman | 5 | |
| Rifleman | 5 | |
| Gryphon Rider | 8 | |
| Dragonhawk Rider | 5 | |
88 total
» upgrades
| Lumber Harvesting | 2 | |
| Storm Hammers | 1 | |
3 total
» buildings
| Altar of Kings | 1 | |
| Barracks | 2 | |
| Farm | 9 | |
| Arcane Vault | 1 | |
| Town Hall | 1 | |
| Blacksmith | 1 | |
| Lumber Mill | 1 | |
| Keep | 3 | |
| Castle | 2 | |
| Gryphon Aviary | 3 | |
| Scout Tower | 1 | |
| Arcane Tower | 2 | |
| Workshop | 1 | |
28 total
» build order
00:06 Altar of Kings
00:25 Barracks
00:40 Farm
00:54 Farm
01:52 Arcane Vault
02:00 Farm
04:43 Town Hall
04:53 Farm
05:03 Blacksmith
06:52 Lumber Mill
08:10 Keep
08:39 Farm
08:42 Farm
09:24 Farm
09:26 Farm
10:06 Barracks
10:41 Castle
11:43 Gryphon Aviary
11:45 Gryphon Aviary
11:46 Gryphon Aviary
12:52 Scout Tower
13:39 Farm
13:40 Arcane Tower
33:02 Workshop
» items
| Scroll of Regeneration | 6 | |
| Scroll of Healing | 1 | |
| Potion of Lesser Invulnerability | 2 | |
| Periapt of Vitality | 1 | |
| Circlet of Nobility | 1 | |
| Scroll of Town Portal | 3 | |
| Orb of Fire | 2 | |
| Potion of Healing | 1 | |
| Boots of Speed | 1 | |
18 total
murrdaddy (
orange | 51 APM | 1798 actions | 35:16)
5 Blademaster
2 Wind Walk
3 Critical Strike
4 Shadow Hunter
2 Healing Wave
2 Serpent Ward
» actions
| Assign group hotkey | 17 | |
| Basic commands | 224 | |
| Build / train | 115 | |
| Enter build submenu | 24 | |
| Enter hero's abilities submenu | 9 | |
| Remove unit from queue | 8 | |
| Right click | 779 | |
| Select / deselect | 540 | |
| Select group hotkey | 12 | |
| Use ability | 70 | |
1798 total
» units
| Peon | 23 | |
| Grunt | 7 | |
| Troll Headhunter/Berserker | 2 | |
| Wind Rider | 9 | |
| Raider | 9 | |
| Shaman | 14 | |
| Demolisher | 2 | |
66 total
» upgrades
| Melee Weapons | 3 | |
| Armor | 3 | |
| Ranged Weapons | 4 | |
| Shaman Training | 2 | |
| Spiked Barricades | 3 | |
| Reinforced Defenses | 1 | |
| Witch Doctor Training | 2 | |
| Envenomed Spears | 1 | |
19 total
» buildings
| Altar of Storms | 1 | |
| Orc Burrow | 8 | |
| Barracks | 4 | |
| War Mill | 1 | |
| Stronghold | 2 | |
| Voodoo Lounge | 1 | |
| Beastiary | 2 | |
| Fortress | 1 | |
| Great Hall | 1 | |
| Spirit Lodge | 1 | |
| Watch Tower | 2 | |
24 total
» build order
00:07 Altar of Storms
00:11 Orc Burrow
01:08 Barracks
01:34 Orc Burrow
02:37 Orc Burrow
03:24 War Mill
03:34 Stronghold
03:34 Stronghold
03:52 Voodoo Lounge
05:57 Beastiary
06:04 Fortress
06:19 Barracks
06:26 Barracks
07:09 Orc Burrow
07:38 Orc Burrow
08:20 Great Hall
08:44 Spirit Lodge
12:12 Orc Burrow
12:32 Barracks
12:39 Beastiary
12:59 Orc Burrow
17:39 Orc Burrow
22:58 Watch Tower
23:02 Watch Tower
» items
xfire73 (
green | 12 APM | 333 actions | 27:05)
1 Blademaster
1 Mirror Image
» actions
| Basic commands | 32 | |
| Build / train | 74 | |
| Enter build submenu | 29 | |
| Enter hero's abilities submenu | 1 | |
| Right click | 7 | |
| Select / deselect | 145 | |
| Use ability | 45 | |
333 total
» units
| Peon | 19 | |
| Grunt | 2 | |
| Troll Headhunter/Berserker | 2 | |
| Troll Batrider | 34 | |
| Wind Rider | 9 | |
66 total
» upgrades
| Spiked Barricades | 2 | |
| Liquid Fire | 1 | |
| Envenomed Spears | 1 | |
4 total
» buildings
| Barracks | 1 | |
| Orc Burrow | 9 | |
| Altar of Storms | 1 | |
| War Mill | 1 | |
| Voodoo Lounge | 1 | |
| Watch Tower | 11 | |
| Stronghold | 1 | |
| Beastiary | 1 | |
| Fortress | 1 | |
27 total
» build order
01:11 Barracks
01:48 Orc Burrow
02:09 Orc Burrow
02:36 Altar of Storms
02:49 War Mill
03:17 Orc Burrow
03:56 Voodoo Lounge
04:45 Watch Tower
04:53 Watch Tower
05:59 Stronghold
06:05 Watch Tower
06:11 Watch Tower
06:22 Watch Tower
07:04 Watch Tower
07:16 Watch Tower
07:24 Watch Tower
08:37 Beastiary
08:43 Watch Tower
08:48 Watch Tower
09:03 Orc Burrow
09:09 Fortress
10:27 Orc Burrow
10:36 Watch Tower
12:54 Orc Burrow
14:33 Orc Burrow
14:49 Orc Burrow
16:21 Orc Burrow
team 2 (winner)
El_Ojo_de_Dios (
blue | 21 APM | 603 actions | 28:51)
2 Archmage
1 Summon Water Elemental
1 Blizzard
» actions
| Basic commands | 4 | |
| Build / train | 72 | |
| Enter build submenu | 31 | |
| Enter hero's abilities submenu | 2 | |
| Right click | 245 | |
| Select / deselect | 192 | |
| Use ability | 57 | |
603 total
» units
| Peasant | 10 | |
| Rifleman | 7 | |
| Dragonhawk Rider | 13 | |
30 total
» upgrades
» buildings
| Altar of Kings | 1 | |
| Farm | 16 | |
| Scout Tower | 3 | |
| Blacksmith | 1 | |
| Lumber Mill | 1 | |
| Arcane Tower | 3 | |
| Arcane Vault | 1 | |
| Barracks | 1 | |
| Keep | 1 | |
| Guard Tower | 5 | |
| Gryphon Aviary | 2 | |
| Workshop | 1 | |
| Cannon Tower | 3 | |
39 total
» build order
00:08 Altar of Kings
00:44 Farm
00:49 Farm
01:33 Scout Tower
01:44 Blacksmith
02:03 Lumber Mill
02:08 Arcane Tower
02:44 Arcane Vault
02:56 Barracks
03:32 Farm
05:05 Keep
05:39 Farm
05:45 Farm
05:50 Farm
06:31 Scout Tower
06:47 Scout Tower
07:44 Farm
07:48 Farm
08:09 Guard Tower
08:31 Guard Tower
09:15 Guard Tower
09:23 Farm
09:26 Farm
10:09 Farm
10:14 Farm
11:15 Arcane Tower
11:20 Guard Tower
12:10 Farm
12:15 Farm
13:43 Gryphon Aviary
14:59 Arcane Tower
15:16 Gryphon Aviary
17:02 Farm
17:11 Farm
18:04 Guard Tower
18:33 Workshop
20:01 Cannon Tower
24:25 Cannon Tower
24:35 Cannon Tower
» items

»
Undead_NOOB (
purple | 34 APM | 1180 actions | 34:59)
7 Death Knight
3 Death Coil
3 Unholy Aura
1 Animate Dead
1 Archmage
1 Summon Water Elemental
» actions
| Assign group hotkey | 18 | |
| Basic commands | 4 | |
| Build / train | 85 | |
| Enter build submenu | 44 | |
| Enter hero's abilities submenu | 8 | |
| Remove unit from queue | 1 | |
| Right click | 456 | |
| Select / deselect | 344 | |
| Select group hotkey | 162 | |
| Use ability | 58 | |
1180 total
» units
| Acolyte | 16 | |
| Ghoul | 9 | |
| Crypt Fiend | 13 | |
| Frost Wyrm | 10 | |
48 total
» upgrades
| Web | 1 | |
| Burrow | 1 | |
| Ghoul Frenzy | 1 | |
| Freezing Breath | 1 | |
| Creature Attack | 3 | |
| Creature Carapace | 3 | |
10 total
» buildings
| Graveyard | 2 | |
| Crypt | 2 | |
| Ziggurat | 15 | |
| Altar of Darkness | 2 | |
| Tomb of Relics | 2 | |
| Spirit Tower | 3 | |
| Nerubian Tower | 6 | |
| Halls of the Dead | 2 | |
| Black Citadel | 2 | |
| Sacrificial Pit | 1 | |
| Boneyard | 3 | |
| Necropolis | 1 | |
| Slaughterhouse | 2 | |
43 total
» build order
00:08 Graveyard
00:10 Crypt
00:46 Ziggurat
01:02 Altar of Darkness
01:44 Ziggurat
01:57 Tomb of Relics
02:14 Ziggurat
02:44 Spirit Tower
02:49 Nerubian Tower
04:05 Ziggurat
06:50 Halls of the Dead
08:12 Ziggurat
08:17 Ziggurat
08:19 Ziggurat
09:55 Black Citadel
09:59 Sacrificial Pit
10:04 Spirit Tower
11:22 Ziggurat
11:28 Ziggurat
11:30 Ziggurat
12:33 Boneyard
12:48 Nerubian Tower
12:50 Nerubian Tower
12:52 Spirit Tower
13:12 Boneyard
16:53 Boneyard
24:49 Nerubian Tower
25:20 Necropolis
25:29 Ziggurat
25:40 Crypt
25:49 Ziggurat
28:39 Halls of the Dead
28:41 Nerubian Tower
29:42 Altar of Darkness
30:05 Graveyard
30:21 Ziggurat
31:04 Black Citadel
31:43 Slaughterhouse
31:48 Ziggurat
31:50 Ziggurat
32:29 Slaughterhouse
32:50 Tomb of Relics
33:44 Nerubian Tower
» items
| Dust of Appearance | 1 | |
| Rod of Necromancy | 1 | |
| Sacrificial Skull | 1 | |
| Scroll of Town Portal | 1 | |
4 total
ban_me (
yellow | 14 APM | 549 actions | 40:31)
5 Paladin
3 Devotion Aura
2 Divine Shield
» actions
| Basic commands | 6 | |
| Build / train | 64 | |
| Enter build submenu | 37 | |
| Enter hero's abilities submenu | 5 | |
| Right click | 174 | |
| Select / deselect | 219 | |
| Use ability | 44 | |
549 total
» units
| Peasant | 12 | |
| Footman | 8 | |
| Rifleman | 4 | |
| Knight | 3 | |
| Siege Engine | 1 | |
| Mortar Team | 4 | |
| Priest | 3 | |
35 total
» upgrades
| Masonry | 3 | |
| Plating | 3 | |
| Swords | 2 | |
| Long Rifles | 1 | |
| Lumber Harvesting | 1 | |
| Gunpowder | 2 | |
| Barrage | 1 | |
| Fragmentation Shards | 1 | |
| Animal War Training | 1 | |
| Priest Training | 1 | |
16 total
» buildings
| Altar of Kings | 1 | |
| Farm | 11 | |
| Scout Tower | 6 | |
| Lumber Mill | 1 | |
| Arcane Tower | 1 | |
| Barracks | 1 | |
| Guard Tower | 2 | |
| Blacksmith | 1 | |
| Keep | 1 | |
| Workshop | 2 | |
| Castle | 1 | |
| Town Hall | 3 | |
| Arcane Sanctum | 1 | |
| Cannon Tower | 2 | |
34 total
» build order
00:18 Altar of Kings
00:30 Farm
00:46 Scout Tower
01:15 Farm
01:24 Lumber Mill
01:39 Arcane Tower
02:12 Scout Tower
02:20 Barracks
02:39 Farm
02:56 Scout Tower
03:08 Scout Tower
03:13 Guard Tower
03:34 Farm
03:43 Guard Tower
04:05 Scout Tower
04:13 Scout Tower
04:34 Farm
04:49 Blacksmith
05:14 Keep
05:35 Farm
06:27 Farm
07:07 Farm
07:43 Workshop
07:50 Farm
08:58 Farm
10:10 Castle
10:19 Farm
10:38 Workshop
11:57 Town Hall
12:19 Arcane Sanctum
12:29 Cannon Tower
12:31 Cannon Tower
23:53 Town Hall
24:02 Town Hall
sc2no.wc4yes (
brown | 64 APM | 2598 actions | 40:32)
7 Archmage
1 Summon Water Elemental
2 Brilliance Aura
3 Blizzard
1 Mass Teleport
7 Blood Mage
3 Flame Strike
3 Siphon Mana
1 Summon Phoenix
6 Paladin
3 Holy Light
2 Devotion Aura
1 Divine Shield
» actions
| Assign group hotkey | 61 | |
| Basic commands | 68 | |
| Build / train | 142 | |
| ESC pressed | 2 | |
| Enter build submenu | 77 | |
| Enter hero's abilities submenu | 22 | |
| Give item / drop item | 1 | |
| Right click | 877 | |
| Select / deselect | 370 | |
| Select group hotkey | 683 | |
| Use ability | 295 | |
2598 total
» units
| Peasant | 28 | |
| Sorceress | 1 | |
| Priest | 1 | |
| Gryphon Rider | 3 | |
| Dragonhawk Rider | 2 | |
35 total
» upgrades
| Masonry | 3 | |
| Lumber Harvesting | 2 | |
| Magic Sentry | 1 | |
| Sorceress Training | 2 | |
| Swords | 4 | |
| Armor | 3 | |
| Priest Training | 2 | |
| Storm Hammers | 1 | |
| Animal War Training | 1 | |
19 total
» buildings
| Altar of Kings | 1 | |
| Farm | 16 | |
| Lumber Mill | 1 | |
| Scout Tower | 75 | |
| Arcane Tower | 3 | |
| Town Hall | 2 | |
| Guard Tower | 34 | |
| Keep | 2 | |
| Castle | 3 | |
| Arcane Sanctum | 1 | |
| Blacksmith | 2 | |
| Barracks | 1 | |
| Gryphon Aviary | 4 | |
| Arcane Vault | 1 | |
| Necropolis | 1 | |
147 total
» build order
00:07 Altar of Kings
00:10 Farm
00:43 Farm
01:04 Lumber Mill
01:43 Scout Tower
02:10 Arcane Tower
03:26 Town Hall
03:30 Scout Tower
03:32 Scout Tower
03:56 Farm
03:58 Farm
03:59 Farm
04:01 Arcane Tower
04:02 Guard Tower
04:47 Scout Tower
05:25 Guard Tower
05:25 Guard Tower
05:26 Scout Tower
06:11 Scout Tower
06:12 Guard Tower
06:40 Keep
06:41 Keep
06:44 Guard Tower
06:46 Scout Tower
06:51 Scout Tower
06:52 Scout Tower
06:56 Scout Tower
06:56 Scout Tower
07:01 Scout Tower
07:02 Scout Tower
07:03 Scout Tower
07:06 Scout Tower
07:31 Guard Tower
07:37 Guard Tower
07:40 Guard Tower
07:40 Guard Tower
07:41 Guard Tower
08:03 Guard Tower
08:03 Guard Tower
08:05 Scout Tower
08:05 Scout Tower
08:06 Scout Tower
08:07 Scout Tower
08:28 Scout Tower
08:30 Scout Tower
08:30 Scout Tower
08:32 Scout Tower
08:32 Scout Tower
08:33 Scout Tower
08:53 Guard Tower
08:53 Guard Tower
08:58 Guard Tower
08:58 Guard Tower
09:01 Castle
09:02 Castle
09:02 Castle
09:50 Arcane Sanctum
09:52 Scout Tower
09:52 Scout Tower
09:53 Scout Tower
09:55 Blacksmith
09:58 Blacksmith
10:00 Scout Tower
10:01 Scout Tower
10:04 Scout Tower
10:04 Scout Tower
10:04 Scout Tower
10:05 Scout Tower
10:26 Guard Tower
11:05 Guard Tower
11:16 Guard Tower
11:26 Guard Tower
12:16 Guard Tower
12:17 Barracks
12:20 Gryphon Aviary
12:23 Gryphon Aviary
13:01 Scout Tower
13:02 Scout Tower
13:03 Scout Tower
13:04 Scout Tower
13:05 Scout Tower
13:06 Scout Tower
13:10 Scout Tower
13:11 Scout Tower
13:43 Scout Tower
13:44 Scout Tower
13:46 Scout Tower
13:48 Scout Tower
13:49 Scout Tower
13:51 Scout Tower
14:42 Guard Tower
14:44 Guard Tower
14:44 Guard Tower
14:49 Arcane Vault
15:30 Guard Tower
15:39 Farm
15:39 Farm
15:39 Farm
15:40 Farm
15:40 Farm
15:47 Farm
15:47 Farm
15:47 Farm
15:49 Farm
15:49 Farm
17:11 Guard Tower
18:11 Gryphon Aviary
18:12 Gryphon Aviary
20:58 Scout Tower
20:58 Scout Tower
20:58 Scout Tower
20:59 Scout Tower
20:59 Scout Tower
20:59 Scout Tower
21:00 Scout Tower
21:00 Scout Tower
21:00 Scout Tower
21:01 Scout Tower
21:01 Scout Tower
21:01 Scout Tower
21:02 Scout Tower
21:02 Scout Tower
21:02 Scout Tower
22:11 Guard Tower
23:57 Guard Tower
34:42 Town Hall
36:21 Necropolis
37:09 Scout Tower
37:10 Scout Tower
37:10 Scout Tower
37:11 Scout Tower
37:11 Scout Tower
37:14 Scout Tower
37:14 Scout Tower
37:15 Scout Tower
37:15 Scout Tower
37:16 Scout Tower
37:16 Scout Tower
38:11 Guard Tower
38:16 Farm
» items
| Tome of Retraining | 1 | |
| Boots of Speed | 2 | |
| Potion of Invisibility | 3 | |
| Staff of Teleportation | 2 | |
| Scroll of Town Portal | 2 | |
| Scroll of Regeneration | 1 | |
| Staff of Sanctuary | 2 | |
| Dust of Appearance | 1 | |
14 total
Chat log
(01:01 / Allies) sc2no.wc4yes: every man for himself
(01:08 / Allies) El_Ojo_de_Dios: no ma'am
(01:10 / Allies) sc2no.wc4yes: bases are choked and uphill
(01:13 / Allies) sc2no.wc4yes: so if u lose your base to rush
(01:15 / Allies) sc2no.wc4yes: youre a trash
(01:28 / Allies) Undead_NOOB: tower?
(03:07 / Allies) El_Ojo_de_Dios: units??
(05:41 / Allies) sc2no.wc4yes: hahahahah 3 miners
(05:43 / Allies) sc2no.wc4yes: hahahahahahahaha
(06:03 / Allies) Undead_NOOB: hahahaha
(06:08 / Allies) Undead_NOOB: oh wow
(07:26 / All) sc2no.wc4yes: blue is a super nooby
(07:32 / Allies) ban_me: k
(09:19 / Allies) Undead_NOOB: brown, units?!!?
(09:30 / Allies) ban_me: lol christ
(09:33 / Allies) sc2no.wc4yes: i cant think of any army that woudl win 1v4
(09:34 / Allies) Undead_NOOB: towers are unmovable
(09:39 / Allies) sc2no.wc4yes: so im not gonna botehr much in that arena
(09:48 / Allies) Undead_NOOB: starcraft 2?
(13:25 / Allies) sc2no.wc4yes: rape time
(13:29 / Allies) sc2no.wc4yes: enjoy your hefty sack of rape
(16:30 / Allies) sc2no.wc4yes: anyone got spare wood?
(18:26 / Allies) El_Ojo_de_Dios: who needed wood??
(18:31 / Allies) Undead_NOOB: brown
(18:32 / Allies) sc2no.wc4yes: i am fine now
(18:35 / Allies) El_Ojo_de_Dios: kk
(20:12 / All) ban_me: fuck you brown
(20:19 / All) ban_me: we lost cause of you
(20:30 / Allies) sc2no.wc4yes: should i have been more like blue?
(20:32 / All) ban_me: they will take you out
(21:12 / Allies) El_Ojo_de_Dios: lol
(21:20 / Allies) El_Ojo_de_Dios: hes not mining
(21:24 / Allies) El_Ojo_de_Dios: browen
(21:41 / All) ban_me: atleast i got one peon out lol
(21:59 / Allies) El_Ojo_de_Dios: ill clear this out foir you
(22:45 / Allies) ban_me: send a troop to my base to make sure everyone is gone
(22:53 / Allies) ban_me: i got one peon on the corner left
(22:54 / Allies) ban_me: lol
(23:03 / Allies) ban_me: help me out
(23:13 / Allies) El_Ojo_de_Dios: comign
(23:20 / Allies) sc2no.wc4yes: yeah go save him
(23:21 / Allies) sc2no.wc4yes: mighty am
(23:28 / Allies) ban_me: they will kill him
(23:54 / All) Yuri.Lowell: having fun there brown
(23:56 / Allies) ban_me: ty
(24:33 / All) ban_me: gg
(24:39 / All) Yuri.Lowell: gg brown sucks!
(25:19 / All) ban_me: brown and blue are noooooooobs
(25:35 / Allies) El_Ojo_de_Dios: you know
(25:44 / Allies) El_Ojo_de_Dios: i was the only one to try and help
(25:53 / Allies) El_Ojo_de_Dios: yellow.
(25:56 / Allies) Undead_NOOB: lol
(26:34 / Allies) El_Ojo_de_Dios: yellow
(26:43 / Allies) El_Ojo_de_Dios: youjust got killed by a noob
(26:58 / Allies) Undead_NOOB: that was so gay of you blue
(27:02 / Allies) Undead_NOOB: go suck a fat one
(27:05 / Allies) ban_me: wtf blue
(27:07 / Allies) El_Ojo_de_Dios: i will
(27:23 / Allies) El_Ojo_de_Dios: you know gont bite the hand that feeds
(27:33 / Allies) Undead_NOOB: go back to brasil??
(27:50 / Allies) El_Ojo_de_Dios: brasil is portugese
(28:16 / All) ban_me: blue is a fucking faggot
(28:30 / All) El_Ojo_de_Dios: dont bitethe hand that feeds
(28:40 / All) El_Ojo_de_Dios: call me a noob again?
(30:08 / All) Yuri.Lowell: brown sucks : /
(30:16 / All) ban_me: no shit
(30:21 / All) ban_me: they all sucked cept undead
(30:32 / All) Undead_NOOB: lol i sucked, got k.o'd
(33:32 / All) Yuri.Lowell: tryin 2 be slick
(33:35 / All) Yuri.Lowell: i got ko'd haqhahhaa
(33:57 / All) Undead_NOOB: how did u not notice my base???
(34:02 / All) Undead_NOOB: i have black citadel
(34:09 / All) murrdaddy: gg
(34:10 / All) Undead_NOOB: u know how long that takes?
(40:01 / All) sc2no.wc4yes: rape
(40:03 / All) top[cat]13: gg
(40:03 / All) sc2no.wc4yes: 1 man carry
(40:06 / All) sc2no.wc4yes: noob allies
(40:12 / All) Yuri.Lowell: Lol
(40:16 / All) Yuri.Lowell: I knew you were gonna win i didn't make tanks
(40:17 / All) Yuri.Lowell: cuz
(40:22 / All) Yuri.Lowell: this isn't for stats
(40:23 / All) Yuri.Lowell: Idc lmao
(40:25 / All) sc2no.wc4yes: you got raped
(40:26 / All) sc2no.wc4yes: 1v4
(40:28 / All) sc2no.wc4yes: with the same units i hd
(40:29 / All) Yuri.Lowell: my teammates are worse
(40:30 / All) sc2no.wc4yes: youre bad
(40:30 / All) Yuri.Lowell: lmao
(40:31 / All) sc2no.wc4yes: admit it